 Dungeon Crawl Stone Soup version 0.20-a0-11-ga97c7b5 (webtiles) character file.

37398 patrickswayze the Bludgeoner (level 13, -5/89 HPs)
             Began as an Octopode Fighter on Nov 1, 2016.
             Was an Elder of Ru.
             Slain by a harpy (6 damage)
             ... summoned by Kirke
             ... on level 4 of the Lair of Beasts on Nov 2, 2016.
             The game lasted 00:57:05 (18691 turns).

patrickswayze the Bludgeoner (Octopode Fighter)    Turns: 18691, Time: 00:57:06

Health: -5/89      AC:  0    Str: 15    XL:     13   Next: 96%
Magic:  18/18      EV: 22    Int: 15    God:    Ru [****..]
Gold:   1014       SH:  0    Dex: 12    Spells: 4 memorised, 2 levels left

rFire  . . .     SeeInvis .     (weapon currently unavailable)
rCold  . . .     Gourm    .     (helmet currently unavailable)
rNeg   . . .     Faith    .     q - amulet of regeneration
rPois  .         Spirit   .     (ring currently unavailable)
rElec  .         Reflect  .     (ring currently unavailable)
rCorr  .         Harm     .     (ring currently unavailable)
MR     .....                    (ring currently unavailable)
Stlth  +.........               (ring currently unavailable)
                                (ring currently unavailable)
                                (ring currently unavailable)

@: about to teleport, pig-form, slowed
A: almost no armour, stealthy swim, (amphibious), (7 rings), (constrict 7),
(antennae 0), (camouflage 0), (poison resistance), (gelatinous body 0), missing
a hand, no fire magic, no hexes magic, no translocations magic
a: Draw Out Power, Power Leap, Renounce Religion


You were on level 4 of the Lair of Beasts.
You worshipped Ru.
Ru was greatly pleased with you.
You were hungry.
You were a filthy swine.
You visited 3 branches of the dungeon, and saw 16 of its levels.
You also visited: Labyrinth and Volcano.

You collected 1014 gold pieces.


Innate Abilities, Weirdness & Mutations

You cannot wear most types of armour.
You are very stealthy in the water. (Stealth+)
((You are amphibious.))
((You can wear up to seven rings at the same time.))
((You can use your tentacles to constrict seven enemies at once.))
((Your skin changes colour to match your surroundings (Stealth+).))
((Your rubbery body absorbs attacks. (AC +1, EV +1)))
You are missing a hand.
You cannot study or cast Fire magic.
You cannot study or cast Hexes magic.
You cannot study or cast Translocations magic.
((You have a pair of small antennae on your head.))
((Your system is resistant to poisons. (rPois)))


   Skills:
 - Level 8.7 Fighting
 + Level 15.7 Maces & Flails
 - Level 12.0 Dodging
 - Level 4.6 Charms
 - Level 4.1 Summonings
 - Level 7.9 Evocations


You had 2 spell levels left.
You knew the following spells:

 Your Spells              Type           Power        Failure   Level  Hunger
r - Repel Missiles        Chrm/Air       #.....       17%         2    ###....
I - Summon Ice Beast      Ice/Summ       #.......     93%         4    #####..
X - Summon Guardian Gole  Hex/Summ       #.......     34%         3    ####...
Z - Summon Butterflies    Summ           ##......     6%          1    ##.....

Inventory:

Hand Weapons
 a - a +3 morningstar of flaming (melded)
 i - the cursed +1 broad axe "Kaeshrih" {drain, rC+ MP+9 SInv Stlth+, unknown}
   (You found it on level 3 of the Lair of Beasts)

   A truly terrible weapon, it drains the life of those it strikes.
   It protects you from cold.
   It affects your magic capacity (+9).
   It lets you see invisible.
   It makes you more stealthy.
   It has a curse placed upon it.
Missiles
 s - 451 stones (quivered)
 y - 4 curare-tipped needles
Rods
 b - a +5 iron rod (14/14)
   (You took it off a minotaur in a labyrinth)
Jewellery
 c - a +3 ring of strength (melded)
 e - a +3 ring of strength (melded)
 h - a ring of wizardry (melded)
 q - an amulet of regeneration (around neck)
 u - a +1 ring of evasion (melded)
 K - a ring of see invisible (melded)
 R - a ring of stealth (melded)
 W - an uncursed ring of stealth
 Y - an uncursed ring of ice
 Z - a ring of positive energy (melded)
Wands
 l - a wand of slowing (10/48)
 n - a wand of teleportation (6/9)
 t - a wand of slowing (3/48)
 J - a wand of flame (9/48)
 T - a wand of flame (27/48)
 V - a wand of paralysis (3/24)
Scrolls
 j - 2 scrolls of teleportation
 m - 2 scrolls of immolation
 p - 2 scrolls of fog
 r - a scroll of recharging
 v - 3 scrolls of fear
 w - a scroll of silence {unknown}
 z - 7 scrolls of enchant armour
 D - 9 scrolls of remove curse
 G - a scroll of noise {unknown}
 S - a scroll of acquirement {unknown}
Potions
 g - a potion of heal wounds
 k - 3 potions of cancellation {unknown}
 o - 8 potions of curing
 x - 2 potions of flight {unknown}
 B - a potion of cure mutation {unknown}
 C - 4 potions of berserk rage {!q}
 F - a potion of ambrosia {unknown}
 I - a potion of haste
 L - 5 potions of degeneration
 O - 6 potions of brilliance {unknown}
Comestibles
 d - 10 bread rations
 f - 6 meat rations
 A - a beef jerky
 H - 24 fruits
 N - a slice of pizza
 P - 11 royal jellies


Message History

The harpy barely misses you. The harpy closely misses you. The harpy claws you.
The harpy closely misses you. Kirke completely misses you.
The harpy misses you. The harpy closely misses you.
Okay, then.
The harpy screeches!
The harpy closely misses you. The harpy completely misses you.
The harpy claws you. The harpy closely misses you.
Kirke gestures wildly while chanting.
Kirke flickers and vanishes!
Deactivating autopickup; reactivate with Ctrl-A.
As you read the scroll of teleportation, it crumbles to dust.
You feel strangely unstable.
The harpy screeches!
The harpy claws you!!
The harpy barely misses you. x3; The harpy misses you.
The harpy claws you!
* * * LOW HITPOINT WARNING * * *
The harpy claws you!
* * * LOW HITPOINT WARNING * * *
The harpy claws you.
You die...

##.....##..........#
##...#.##.........#
#....###..........#
##...####.........#
#....# #.........#
##...## #.........#
.
#....P##P.........#
...
###...##P.........P#
#...#.#h..##
#.....HH...#
#....{....##
#...........#
#.....#....##
.#...###..... #...
....... #.. #.......
#.. .......


You could see 2 harpies.

Vanquished Creatures
  Nessos (Lair:4)
  A minotaur (Lab)
  Fannar (Lair:2)
  The ghost of Slowdrip the Grappler, a journeyman TrFi of Hepliaklqana (Volcano)
  3 hydras
  A catoblepas (Lair:3)
  The ghost of azzavlup the Cleaver, a novice DDFi of Makhleb (D:9)
  An ogre mage (Volcano)
  Nergalle (D:9)
  Urug (D:11)
  Sonja (Lair:3)
  A hell knight (Volcano)
  An unseen horror (D:10)
  A hill giant (D:10)
  A manticore (D:11)
  The ghost of patrickswayze the Basher, a novice OpFi (D:5)
  5 black mambas
  8 spiny frogs
  2 komodo dragons (Lair:4)
  A rime drake (Lair:3)
  A queen bee (D:9)
  A troll (D:9)
  The ghost of lynn the Shield-Bearer, an amateur FoFi (D:4)
  7 two-headed ogres
  3 blink frogs (Lair:2)
  A harpy skeleton (D:11)
  Grinder (D:4)
  4 hippogriffs
  A vampire (D:9)
  A wyvern (Lair:1)
  3 hogs (Lair:4)
  45 yaks
  A basilisk (Lair:1)
  3 fire bats (Lair:3)
  A mottled dragon (shapeshifter) (D:10)
  A hungry ghost (D:7)
  A naga (Lair:3)
  2 water moccasins
  9 porcupines
  2 black bears
  5 orc warriors
  A necrophage (D:10)
  2 ice beasts
  7 ogres
  The ghost of azzavlup the Skirmisher, an amateur DsAK of Lugonu (D:3)
  A phantom (D:4)
  4 sky beasts
  A wolf (Lair:1)
  7 crocodiles
  2 centaurs
  12 big kobolds
  10 bullfrogs
  A wyvern zombie (D:11)
  5 scorpions
  44 killer bees
  12 wights
  4 howler monkeys
  3 crimson imps
  7 hounds
  A quasit (D:10)
  A bullfrog zombie (D:9)
  Crazy Yiuf (D:4)
  8 orc priests
  A bullfrog skeleton (D:8)
  3 centaur skeletons
  2 iguanas
  18 orc wizards
  10 worker ants
  2 killer bee zombies
  A hound zombie (D:6)
  A hound skeleton (D:4)
  A howler monkey zombie (D:9)
  A howler monkey skeleton (D:10)
  9 gnolls
  15 adders
  A shadow imp (D:9)
  2 oozes (D:3)
  An adder skeleton (D:4)
  An adder zombie (D:5)
  5 worms
  6 leopard geckos
  51 orcs
  3 giant cockroaches
  5 goblins
  11 hobgoblins
  7 jackals
  4 quokkas
  4 bats
  8 frilled lizards
  A jackal skeleton (D:5)
  53 kobolds
  A leopard gecko skeleton (D:4)
  6 rats
  A fungus (Lair:4)
498 creatures vanquished.

Vanquished Creatures (others)
  2 fungi
2 creatures vanquished.

Grand Total: 500 creatures vanquished

Notes
Turn   | Place    | Note
-------+----------+-------------------------------------------
     0 | D:1      | patrickswayze the Octopode Fighter began the quest for the Orb.
     0 | D:1      | Reached XP level 1. HP: 16/16 MP: 1/1
   425 | D:1      | Reached XP level 2. HP: 21/21 MP: 2/2
   568 | D:1      | Reached skill level 3 in Maces & Flails
  1032 | D:2      | Found a faded altar of an unknown god.
  1049 | D:2      | Reached XP level 3. HP: 25/26 MP: 3/3
  1108 | D:2      | Found a glowing golden altar of the Shining One.
  1946 | D:2      | Reached skill level 4 in Maces & Flails
  2081 | D:3      | Noticed azzavlup's ghost (amateur DsAK)
  2334 | D:3      | Reached XP level 4. HP: 31/31 MP: 4/4
  2597 | D:4      | Noticed lynn's ghost (amateur FoFi)
  2603 | D:4      | Killed lynn's ghost
  2603 | D:4      | Reached skill level 6 in Maces & Flails
  2603 | D:4      | Reached XP level 5. HP: 34/36 MP: 5/5
  2603 | D:4      | Reached XP level 6. HP: 40/42 MP: 6/6
  2921 | D:3      | Reached skill level 7 in Maces & Flails
  3159 | D:3      | Killed azzavlup's ghost
  3159 | D:3      | Reached XP level 7. HP: 46/46 MP: 7/7
  3197 | D:3      | Reached skill level 8 in Maces & Flails
  3336 | D:3      | Reached skill level 9 in Maces & Flails
  3336 | D:3      | Reached XP level 8. HP: 52/52 MP: 8/8
  3470 | D:3      | Reached skill level 10 in Maces & Flails
  3838 | D:3      | Found a faded altar of an unknown god.
  3838 | D:3      | Found a faded altar of an unknown god.
  3844 | D:3      | Found a faded altar of an unknown god.
  3847 | D:3      | Found a faded altar of an unknown god.
  3849 | D:3      | Found a hazy altar of Hepliaklqana.
  4126 | D:4      | Found a sparkling altar of Nemelex Xobeh.
  4620 | D:5      | Entered Level 5 of the Dungeon
  4848 | D:4      | Noticed Grinder
  4861 | D:4      | Paralysed by Grinder for 6 turns
  4872 | D:4      | Paralysed by Grinder for 3 turns
  4879 | D:4      | Killed Grinder
  4879 | D:4      | Reached skill level 6 in Dodging
  4879 | D:4      | Reached XP level 9. HP: 41/56 MP: 9/9
  4947 | D:4      | Found a runed door.
  5076 | D:4      | Noticed Crazy Yiuf
  5087 | D:4      | Killed Crazy Yiuf
  5305 | D:5      | Noticed patrickswayze's ghost (novice OpFi)
  5439 | D:5      | Killed patrickswayze's ghost
  5587 | D:5      | Found a bloodstained altar of Trog.
  5694 | D:5      | Noticed a two-headed ogre
  5790 | D:5      | Reached skill level 6 in Fighting
  6149 | D:5      | Found a shattered altar of Ashenzari.
  6537 | D:6      | Gained mutation: Your system is resistant to poisons. (rPois) [potion of beneficial mutation]
  6538 | D:6      | Gained mutation: You have a pair of small antennae on your head. [potion of beneficial mutation]
  6818 | D:6      | Found a staircase to the Ecumenical Temple.
  6825 | Temple   | Entered the Ecumenical Temple
  6902 | D:6      | Reached skill level 11 in Maces & Flails
  6970 | D:6      | Reached XP level 10. HP: 68/68 MP: 10/10
  7159 | D:6      | Found a snail-covered altar of Cheibriados.
  7290 | D:7      | Found a sacrificial altar of Ru.
  7308 | D:7      | Became a worshipper of Ru the Awakened
  7793 | D:8      | Reached skill level 12 in Maces & Flails
  8310 | D:8      | Found a radiant altar of Vehumet.
  8376 | D:8      | Gained mutation: You are missing a hand. [Ru sacrifice]
  8376 | D:8      | Reached * piety under Ru
  8376 | D:8      | Reached ** piety under Ru
  8376 | D:8      | Reached *** piety under Ru
  9313 | D:8      | Found a deep blue altar of Sif Muna.
  9361 | D:9      | Found a staircase to the Lair.
  9601 | D:9      | Found a staircase to the Orcish Mines.
  9670 | D:9      | Found a glowing silver altar of Zin.
  9733 | D:9      | Reached skill level 9 in Dodging
  9758 | D:9      | Reached XP level 11. HP: 41/72 MP: 11/11
 10329 | D:9      | Noticed azzavlup's ghost (novice DDFi)
 10677 | D:9      | Killed azzavlup's ghost
 10679 | D:9      | Reached skill level 12 in Dodging
 11136 | D:10     | Entered Level 10 of the Dungeon
 11170 | D:10     | Noticed Tux's ghost (journeyman DEVM)
 11254 | Lair:1   | Entered Level 1 of the Lair of Beasts
 11269 | Lair:1   | Noticed Nergalle
 11541 | D:10     | Noticed a hill giant
 11612 | D:10     | Noticed an unseen horror
 11628 | D:10     | Killed an unseen horror
 12198 | D:10     | Reached XP level 12. HP: 80/84 MP: 12/12
 12205 | D:10     | Learned a level 2 spell: Blink
 12208 | D:10     | Learned a level 2 spell: Repel Missiles
 12215 | D:10     | Learned a level 1 spell: Summon Butterflies
 12237 | D:10     | Reached skill level 1 in Summonings
 12526 | D:10     | Reached skill level 3 in Summonings
 12686 | D:10     | Upgraded the game from 0.20-a0-9-g62d82d9 to 0.20-a0-11-ga97c7b5
 12854 | D:11     | Got a scorched long sword
 12897 | D:11     | Reached skill level 1 in Charms
 12998 | D:11     | Noticed Urug
 13021 | D:11     | Killed Urug
 13067 | D:11     | Reached skill level 3 in Charms
 13179 | D:11     | Found a labyrinth entrance.
 13188 | Lab      | Entered a labyrinth
 13434 | Lab      | Noticed a minotaur
 13442 | Lab      | Killed a minotaur
 13444 | Lab      | Got a steaming hand crossbow
 13461 | Lab      | Got a polished rapier
 13639 | D:11     | Found Cauh's Weapon Emporium.
 13828 | D:9      | Killed Nergalle
 14101 | Lair:1   | Reached skill level 13 in Maces & Flails
 14935 | Lair:1   | Reached skill level 14 in Maces & Flails
 15227 | Lair:2   | Reached XP level 13. HP: 89/89 MP: 13/13
 15426 | Lair:2   | Noticed Fannar
 15456 | Lair:2   | Killed Fannar
 15537 | Lair:2   | Learned a level 3 spell: Summon Guardian Golem
 15542 | Lair:2   | Learned a level 4 spell: Summon Ice Beast
 15900 | Lair:2   | Reached skill level 1 in Evocations
 16004 | Lair:2   | Reached skill level 3 in Evocations
 16300 | Lair:3   | Found a staircase to the Swamp.
 16328 | Lair:3   | Found a staircase to the Snake Pit.
 16594 | Lair:3   | Found a dark tunnel.
 16604 | Volcano  | Entered a volcano
 16604 | Volcano  | Noticed Slowdrip's ghost (journeyman TrFi)
 16619 | Volcano  | Killed Slowdrip's ghost
 16674 | Volcano  | Found a burning altar of Makhleb.
 16693 | Volcano  | HP: 13/89 [two-headed ogre/giant club of flaming (11)]
 16724 | Volcano  | HP: 16/89 [hell knight/bolt of fire (28)]
 16771 | Volcano  | Reached skill level 6 in Evocations
 17646 | Lair:3   | Got a blackened broad axe
 17707 | Lair:3   | Found a sacrificial altar of Ru.
 17758 | Lair:3   | Noticed Sonja
 17769 | Lair:3   | Killed Sonja
 18028 | Lair:4   | Reached skill level 15 in Maces & Flails
 18380 | Lair:4   | Noticed Nessos
 18397 | Lair:4   | Killed Nessos
 18518 | Lair:4   | Gained mutation: You cannot study or cast Fire magic. [Ru sacrifice]
 18518 | Lair:4   | Gained mutation: You cannot study or cast Hexes magic. [Ru sacrifice]
 18518 | Lair:4   | Gained mutation: You cannot study or cast Translocations magic. [Ru sacrifice]
 18518 | Lair:4   | Reached **** piety under Ru
 18526 | Lair:4   | Noticed Kirke
 18691 | Lair:4   | HP: 16/89 [harpy[Kirke] (9)]
 18691 | Lair:4   | HP: 1/89 [harpy[Kirke] (15)]
 18691 | Lair:4   | Slain by a harpy

Vault maps used:
D:1:      minmay_arrival_wavy_path, minivault_14
D:2:      nicolae_tso_swordbearing_angel, ecumenical_altar_2
D:3:      minmay_goblin_kobold_castle, chequers_temple_overflow_minitemple
D:4:      lemuel_doored_altar, uniq_grinder, uniq_crazy_yiuf_cottage
D:5:      kennysheep_mini_moat, lemuel_crystal_altar, first_bread
D:6:      cheibrodos_worm_habitat
D:7:      nicolae_overflow_crystal_walls
D:8:      nicolae_overflow_hidden_temple, basic_altar, blue_anna_alchemist
D:9:      minmay_four_partial_circles, zin_statuary, erik_orc_3, special_room,
          minmay_door_square
D:10:     roderic_serpentine_path
D:11:     serial_shops, kennysheep_mini, lab_entry_generic, nrook_mini_vaults,
          uniq_urug
Temple:   nicolae_temple_hex_pool
Lair:1:   guppyfry_lair_drakes, grunt_megastairs_4, uniq_nergalle
Lair:2:   uniq_fannar
Lair:3:   swamp_mist, guppyfry_snake_entry_garden,
          nicolae_volcano_entry_batcave, basic_altar, hibernation_bobbens,
          serial_bayou_shore_a, uniq_sonja
Lair:4:   serial_bayou_shore_b, uniq_kirke, uniq_nessos
Lab:      labyrinth_watery
Volcano:  kennysheep_volcano_temple

Action                   |  1- 3 |  4- 6 |  7- 9 | 10-12 | 13-15 || total
-------------------------+-------+-------+-------+-------+-------++-------
Melee: Flail             |    74 |    38 |   167 |    51 |       ||   330
       Constrict         |    21 |    10 |    70 |   140 |    19 ||   260
       Tentacles         |    15 |    11 |    70 |   244 |    49 ||   389
       Whip              |       |       |   139 |   763 |       ||   902
       Morningstar       |       |       |       |   125 |   224 ||   349
       Unarmed           |       |       |       |       |    15 ||    15
Throw: Stone             |       |       |    12 |    43 |    30 ||    85
       Throwing net      |       |       |     3 |       |       ||     3
 Cast: Repel Missiles    |       |       |       |     2 |     1 ||     3
       Blink             |       |       |       |     1 |     3 ||     4
Invok: Sacrifice a Hand  |       |       |       |     1 |       ||     1
       Reject Sacrifices |       |       |       |     1 |       ||     1
       Draw Out Power    |       |       |       |       |     1 ||     1
       Sacrifice Arcana  |       |       |       |       |     1 ||     1
Evoke: Wand              |       |     1 |     9 |     2 |    23 ||    35
       Rod               |       |       |       |     2 |       ||     2
  Use: Scroll            |     4 |     3 |     2 |    19 |     4 ||    32
       Potion            |       |     2 |     5 |     9 |     7 ||    23
 Stab: Sleeping          |     7 |     1 |     5 |    14 |     2 ||    29
       Distracted        |     1 |       |     1 |     2 |     2 ||     6
       Invisible         |       |       |       |     6 |     2 ||     8
       Paralysed         |       |       |       |       |     5 ||     5
  Eat: Chunk             |     3 |     2 |    12 |    25 |     6 ||    48
       Royal jelly       |       |     1 |       |       |     1 ||     2
       Beef jerky        |       |       |       |     2 |     2 ||     4
       Pizza             |       |       |       |     1 |       ||     1
Armor: Skin              |     4 |       |     3 |    10 |     2 ||    19
Dodge: Dodged            |    36 |    24 |   112 |   468 |   148 ||   788
       Deflected         |       |       |       |     2 |     3 ||     5
Block: Shield            |    30 |    11 |    98 |    26 |       ||   165
